 Dungeon Crawl Stone Soup version 0.21.1-1-g345015fe64 (webtiles) character file.

142541 Oravi the Impaler (level 17, -3/128 HPs)
             Began as a Merfolk Transmuter on May 14, 2018.
             Was an Elder of Okawaru.
             Slain by Mara
             ... wielding a +3 demon trident of electrocution
              (17 damage)
             ... on level 3 of the Shoals.
             The game lasted 03:07:20 (34868 turns).

Oravi the Impaler (Merfolk Transmuter)             Turns: 34868, Time: 03:07:22

Health: -3/128     AC: 10    Str: 14    XL:     17   Next: 35%
Magic:  27/30      EV: 28    Int: 20    God:    Okawaru [****..]
Gold:   3108       SH:  0    Dex: 23    Spells: 13/34 levels left

rFire    . . .     SeeInvis +   G - +7 glaive (protect)
rCold    + . .     Gourm    .   (shield currently unavailable)
rNeg     . . .     Faith    .   K - +2 robe {MR+}
rPois    +         Spirit   .   u - +2 hat
rElec    +         Reflect  .   L - +0 cloak
rCorr    .         Harm     .   (no gloves)
MR       ++...                  W - +2 pair of boots
Stlth    ++........             N - amulet of Ucoph {rC+ Regen+ Str+2}
HPRegen  0.71/turn              l - +4 ring of dexterity
MPRegen  0.22/turn              S - ring of Niuqehohogi {Dex+5 SInv}

@: very slightly contaminated, studying Armour
A: change form in water, swift swim, stealthy swim, poison resistance,
electricity resistance, strong 1
a: Heroism, Renounce Religion


You were on level 3 of the Shoals.
You worshipped Okawaru.
Okawaru was greatly pleased with you.
You were not hungry.

You visited 5 branches of the dungeon, and saw 27 of its levels.
You visited the Abyss 1 time.
You also visited: Bailey.

You collected 4032 gold pieces.
You spent 924 gold pieces at shops.

Inventory:

Hand Weapons
 i - a +4 trident of venom
 k - a +1 demon trident of freezing
 G - a +7 glaive of protection (weapon)
Missiles
 a - 241 arrows
Armour
 u - a +2 hat (worn)
 x - a +2 robe of positive energy
 y - a +0 shield
 A - a +3 leather armour of fire resistance
 F - the +1 pair of boots of Inquiry {rC+ SInv Stlth+}
   (You found it on level 2 of the Shoals)

   It protects you from cold.
   It lets you see invisible.
   It makes you more stealthy.
 K - a +2 robe of magic resistance (worn)
 L - a +0 cloak (worn)
 W - a +2 pair of boots (worn)
Jewellery
 c - a +4 ring of strength
 e - an uncursed ring of flight
 j - an uncursed ring of positive energy
 l - a +4 ring of dexterity (left hand)
 o - an uncursed ring of stealth {unknown}
 N - the amulet of Ucoph (around neck) {rC+ Regen+ Str+2}
   (You found it on level 5 of the Lair of Beasts)

   [amulet of regeneration]

   It affects your strength (+2).
   It protects you from cold.
   It increases your rate of regeneration.
 P - the ring of Doubts {rElec rC++ AC+4 Str+3 Slay-5}
   (You found it on level 11 of the Dungeon)

   [ring of protection]

   It affects your AC (+4).
   It affects your strength (+3).
   It affects your accuracy and damage with ranged weapons and melee attacks
   (-5).
   It greatly protects you from cold.
   It insulates you from electricity.
 S - the ring of Niuqehohogi (right hand) {Dex+5 SInv}
   (You acquired it on level 11 of the Dungeon)

   [ring of see invisible]

   It affects your dexterity (+5).
   It lets you see invisible.
 T - an uncursed ring of protection from magic
 Z - an uncursed ring of fire {unknown}
Wands
 b - a wand of flame (39)
 q - a wand of iceblast (30)
 v - a wand of enslavement (39)
 z - a wand of disintegration (49)
 R - a wand of digging (16)
Scrolls
 g - a scroll of amnesia
 h - 5 scrolls of teleportation
 n - 10 scrolls of identify
 r - a scroll of summoning {unknown}
 s - 4 scrolls of remove curse
 H - 3 scrolls of fog
 J - 2 scrolls of blinking
 O - 2 scrolls of fear
 Q - a scroll of enchant weapon
 X - 3 scrolls of magic mapping
Potions
 f - 9 potions of curing
 m - 4 potions of resistance
 p - 2 potions of cancellation
 t - 4 potions of flight
 w - 3 potions of might
 B - a potion of ambrosia
 C - 4 potions of haste
 D - a potion of brilliance
 E - a potion of magic
 I - a potion of agility
 M - a potion of invisibility
Books
 V - a manual of Armour
Comestibles
 d - 45 rations
 Y - 5 chunks of flesh


   Skills:
 - Level 10.0 Fighting
 - Level 18.6 Polearms
 - Level 16.7 Dodging
 - Level 4.4 Shields
 - Level 11.8 Unarmed Combat
 + Level 9.0 Spellcasting
 - Level 16.0 Transmutations
 + Level 9.8 Earth Magic


You had 13 spell levels left.
You knew the following spells:

 Your Spells              Type           Power        Failure   Level  Hunger
a - Spider Form           Tmut/Pois      #####.....   1%          3    None
b - Sticks to Snakes      Tmut           ######..     0%          2    None
c - Blade Hands           Tmut           ######....   1%          5    #####..
d - Statue Form           Tmut/Erth      ######...    6%          6    ######.
e - Regeneration          Chrm/Necr      #.........   22%         3    None
f - Blink                 Tloc           N/A          12%         2    None


Dungeon Overview and Level Annotations

Branches:
Dungeon (15/15)            Temple (1/1) D:7            Lair (6/6) D:11
 Shoals (3/4) Lair:4        Snake (0/4) Lair:4        Slime (0/5) Lair:5
    Orc (2/2) D:11            Elf (0/3) Orc:2        Vaults (0/5) D:14
 Depths (0/5) D:15

Altars:
Cheibriados
Gozag
Hepliaklqana
Kikubaaqudgha
Makhleb
Okawaru
Uskayaw
Vehumet
Wu Jian
Xom
The Shining One

Shops:
D:6 :   D:10 *   Orc:2 *!(}   Shoals:3 [

Portals:
Pandemonium: Orc:2
Trove: D:14 (give 12 potions of heal wounds)

Annotations:
D:14 kill all
Shoals:3 Mara


Innate Abilities, Weirdness & Mutations

You revert to your normal form in water.
You are very nimble and swift while swimming.
You are very stealthy in the water. (Stealth+)
Your system is resistant to poisons. (rPois)
You are resistant to electric shocks. (rElec)
Your muscles are strong. (Str +2)


Message History

Your water moccasin bites the adder!
The adder dies!
Your water moccasin misses Oravi's illusion.
Your adder closely misses Mara.
Your water moccasin misses Mara.
Your adder misses Oravi's illusion. Mara completely misses you.
Your water moccasin barely misses Mara.
Your water moccasin completely misses Oravi's illusion.
You feel much better.
Your adder closely misses Mara.
Your water moccasin closely misses Mara.
Your adder misses Oravi's illusion. x2
Your water moccasin bites Mara but does no damage.
Oravi's illusion casts a spell.
Oravi's illusion blinks!
Your water moccasin bites Mara.
Mara gestures at you.
The bolt of fire hits Mara.
Mara resists.
The bolt of fire misses your adder. The bolt of fire hits you!
* * * LOW HITPOINT WARNING * * *
Your adder misses Mara.
Mara hits you from afar with a demon trident of electrocution!
You die...

#..##....≈≈≈.........≈≈≈≈≈≈≈≈
...#.?≈≈≈≈...#.........≈≈≈≈≈≈
≈≈...≈≈≈≈..............≈≈≈≈≈≈
≈≈≈≈.≈≈≈.###............≈≈≈≈≈
≈≈≈≈.≈≈.## ##......R....≈≈≈≈≈
≈≈≈.≈≈≈.# #.@......∩..≈≈≈≈≈≈≈≈.
≈≈..≈≈((## ##.SSRSR......≈≈≈≈≈...
≈≈≈≈≈÷≈≈(###..≈SSS.$.....≈≈≈≈....
≈≈≈≈≈≈≈≈.(.SS≈≈S@........≈≈≈≈≈≈≈≈
≈≈≈≈≈≈≈≈≈..S.≈............≈≈≈≈≈≈≈
≈≈≈≈≈≈≈≈≈≈≈.>.............≈≈....>
≈≈≈≈≈≈≈≈≈≈≈≈.....................
≈≈≈≈≈≈≈≈≈...≈...............###..
≈≈≈≈≈≈≈≈≈≈..≈...####...#### ##...
≈≈≈≈≈≈≈≈≈≈≈.≈...........### #....
≈≈≈≈≈≈≈≈≈≈≈.≈≈≈.....≈≈≈...###....
≈≈≈≈≈≈≈≈≈≈≈≈≈≈≈....≈≈≈≈≈..##..≈≈.


You could see 3 Maras, Oravi's illusion, 4 friendly water moccasins and 6
friendly adders.

Vanquished Creatures
  Bai Suzhen (Shoals:3)
  Rupert (Lair:6)
  Polyphemus (Shoals:2)
  Frances (D:13)
  Gastronok (D:12)
  Kirke (D:13)
  Louise (Shoals:3)
  The ghost of Oravi the Nimble, a journeyman MfTm of Okawaru (D:13)
  A dire elephant (D:15)
  A merfolk javelineer (Shoals:3)
  A merfolk impaler (Shoals:1)
  Erolcha (Orc:2)
  9 hydras
  2 death knights
  The ghost of Ryomija the Cleaver, a novice MiBe of Trog (D:10)
  4 catoblepae
  A merfolk avatar (Shoals:3)
  An ogre mage (D:14)
  7 two-headed ogres
  11 death yaks
  6 orc high priests (Orc:2)
  The ghost of Fymir27 the Nimble, a novice DEFE of Vehumet (D:8)
  A sun demon (Abyss:3)
  2 torturous demonspawn (Orc:2)
  5 sea snakes
  5 skeletal warriors
  An unseen horror (D:13)
  A gelid demonspawn (Orc:2)
  2 deep elf magi
  3 phantasmal warriors
  6 orc knights
  A wolf spider (D:15)
  3 harpies (Shoals:3)
  A faun (Shoals:2)
  16 ugly things
  A salamander (D:15)
  7 manticores
  A salamander (shapeshifter) (D:13)
  An oklob plant (Lair:5)
  7 cyclopes
  2 centaur zombies
  4 elephants
  10 orc sorcerers
  4 merfolk sirens
  Psyche (D:8)
  A black mamba (shapeshifter) (D:15)
  8 black mambas
  15 spiny frogs
  2 rime drakes
  3 freezing wraiths
  7 komodo dragons
  2 kobold demonologists
  12 merfolk
  A hellwing (Orc:2)
  An ice devil (Orc:2)
  The ghost of dracomuter the Conjurer, an amateur DgCj (D:3)
  8 trolls
  6 wind drakes
  A harpy skeleton (D:15)
  A large abomination (Abyss:3)
  Prince Ribbit (D:5)
  3 slime creatures
  8 blink frogs
  14 hippogriffs
  3 snapping turtles
  7 dream sheep
  A meliai zombie (D:14)
  2 shadows
  2 wraiths
  38 yaks
  4 wyverns
  2 water elementals (Shoals:1)
  2 hungry ghosts
  A human (shapeshifter) (D:15)
  2 humans (D:7)
  3 vampire mosquitoes (D:15)
  2 neqoxecs (Orc:2)
  3 wargs
  Menkaure (D:7)
  A swamp worm (shapeshifter) (D:15)
  2 acid dragons
  11 water moccasins
  2 nagas (Lair:4)
  7 porcupines
  6 sky beasts
  A hornet zombie (D:14)
  6 ice beasts
  Purgy (D:3)
  28 orc warriors
  2 phantoms
  17 ogres
  2 black bears
  4 boggarts (D:15)
  6 centaurs
  2 necrophages
  19 wolves
  14 crocodiles
  8 big kobolds
  19 bullfrogs
  8 gnoll sergeants (Bailey)
  2 wyvern zombies
  2 water moccasin zombies
  2 wyvern skeletons
  2 scorpions
  5 killer bees (D:9)
  A wight (D:4)
  17 howler monkeys
  2 electric eels (Lair:3)
  A crimson imp (D:9)
  2 bullfrog zombies
  A quasit (D:8)
  10 jellies
  6 gnoll shamans (Bailey)
  9 hounds
  2 bullfrog skeletons
  4 centaur skeletons
  28 orc priests
  9 iguanas
  Terence (D:2)
  10 worker ants
  Natasha (thrice) (D:3)
  29 orc wizards
  A mummy (D:6)
  4 hound zombies
  A hound skeleton (D:11)
  A howler monkey zombie (D:10)
  A worker ant zombie (D:8)
  11 adders
  24 gnolls
  A howler monkey skeleton (D:11)
  2 shadow imps
  13 oozes
  3 adder skeletons
  6 worms
  3 dart slugs
  3 leopard geckos
  96 orcs
  A ball python (D:1)
  6 giant cockroaches
  11 hobgoblins
  14 jackals
  5 quokkas
  6 bats
  6 frilled lizards
  8 goblins
  A hobgoblin zombie (D:6)
  A jackal zombie (D:8)
  21 kobolds
  2 kobold zombies (D:6)
  An orc zombie (D:6)
  A quokka skeleton (D:7)
  13 rats
  A bush (Lair:5)
  2 plants (Lair:2)
892 creatures vanquished.

Vanquished Creatures (collateral kills)
  A spiny frog (Lair:6)
  10 dream sheep
  A hippogriff (Lair:6)
  A basilisk (Lair:2)
  A water moccasin (Lair:6)
  A wolf (Lair:6)
  A fungus (Lair:6)
  A plant (Lair:6)
17 creatures vanquished.

Vanquished Creatures (others)
  A centaur skeleton (D:13)
  2 humans (D:13)
  A chaos spawn (Orc:2)
  An orc warrior (Orc:2)
  A hound (D:13)
  An iguana (D:8)
  An adder (D:8)
  A butterfly (Lair:5)
  20 fungi
  9 plants
  7 toadstools (D:8)
45 creatures vanquished.

Grand Total: 954 creatures vanquished

Notes
Turn   | Place    | Note
-------+----------+-------------------------------------------
     0 | D:1      | Oravi the Merfolk Transmuter began the quest for the Orb.
     0 | D:1      | Reached XP level 1. HP: 15/15 MP: 3/3
   125 | D:1      | Reached XP level 2. HP: 18/21 MP: 5/5
   554 | D:1      | Reached XP level 3. HP: 19/26 MP: 4/6
   558 | D:1      | Learned a level 2 spell: Sticks to Snakes
   562 | D:1      | Learned a level 3 spell: Spider Form
  1187 | D:2      | Noticed Terence
  1195 | D:2      | Killed Terence
  1195 | D:2      | Reached XP level 4. HP: 10/33 MP: 2/7
  1698 | D:2      | Found a snail-covered altar of Cheibriados.
  1705 | D:2      | Found a hazy altar of Hepliaklqana.
  1805 | D:2      | Found a burning altar of Makhleb.
  2205 | D:2      | Reached XP level 5. HP: 33/38 MP: 4/8
  2207 | D:2      | Found a hide-covered altar of Uskayaw.
  2316 | D:3      | Found a radiant altar of Vehumet.
  2370 | D:3      | Noticed an ice beast
  2428 | D:3      | Noticed Natasha
  2695 | D:3      | Noticed dracomuter's ghost (amateur DgCj)
  2774 | D:3      | Killed Natasha
  2889 | D:3      | Noticed Purgy
  2895 | D:3      | Killed Purgy
  2895 | D:3      | Reached XP level 6. HP: 46/46 MP: 7/10
  2908 | D:3      | Reached skill level 5 in Transmutations
  3103 | D:3      | Noticed Natasha
  3110 | D:3      | Killed Natasha
  3175 | D:3      | Killed an ice beast
  3175 | D:3      | Reached skill level 5 in Unarmed Combat
  3175 | D:3      | Reached XP level 7. HP: 52/52 MP: 4/11
  3180 | D:3      | Noticed Natasha
  3192 | D:3      | Killed Natasha
  3781 | D:3      | Killed dracomuter's ghost
  3781 | D:3      | Reached skill level 5 in Dodging
  4467 | D:4      | Reached XP level 8. HP: 28/60 MP: 2/12
  4951 | D:5      | Entered Level 5 of the Dungeon
  5290 | D:5      | Reached skill level 10 in Dodging
  5290 | D:5      | Reached XP level 9. HP: 74/74 MP: 13/13
  5300 | D:5      | Found a burning altar of Makhleb.
  5546 | D:5      | Found an opulent altar of Gozag.
  5629 | D:5      | Noticed Prince Ribbit
  5645 | D:5      | Killed Prince Ribbit
  5841 | D:5      | Found a glowing golden altar of the Shining One.
  6184 | D:6      | Found an ornate altar of the Wu Jian Council.
  6310 | D:6      | Found Rateumiq's Book Shoppe.
  6885 | D:7      | Reached XP level 10. HP: 78/82 MP: 13/15
  6911 | D:7      | Found a flagged portal.
  6931 | Bailey   | Entered a bailey
  8042 | D:7      | Found an iron altar of Okawaru.
  8061 | D:7      | Became a worshipper of Warmaster Okawaru
  8216 | D:7      | Learned a level 5 spell: Blade Hands
  8348 | D:7      | Noticed Menkaure
  8359 | D:7      | Killed Menkaure
  8607 | D:7      | Found a staircase to the Ecumenical Temple.
  8777 | Temple   | Entered the Ecumenical Temple
  8808 | D:6      | Bought a book of Transfigurations for 605 gold pieces
  8815 | D:6      | Learned a level 6 spell: Statue Form
  8885 | D:8      | Found a shimmering altar of Xom.
  9071 | D:8      | Reached skill level 1 in Earth Magic
  9075 | D:8      | Reached * piety under Okawaru
  9421 | D:8      | Noticed Fymir27's ghost (novice DEFE)
  9476 | D:8      | Killed Fymir27's ghost
  9476 | D:8      | Reached skill level 10 in Transmutations
  9476 | D:8      | Reached XP level 11. HP: 63/87 MP: 3/16
 10395 | D:8      | Noticed Psyche
 10410 | D:8      | Killed Psyche
 10410 | D:8      | Reached ** piety under Okawaru
 10891 | D:9      | Found an ancient bone altar of Kikubaaqudgha.
 11167 | D:9      | Reached *** piety under Okawaru
 11678 | D:9      | Identified Beitz's Reference Book on Supportive Darkness
 11680 | D:9      | Noticed a purple ugly thing
 11683 | D:9      | Noticed a cyclops
 11688 | D:9      | Killed a purple ugly thing
 11694 | D:9      | Killed a cyclops
 11698 | D:9      | Reached skill level 5 in Earth Magic
 12114 | D:9      | Noticed a two-headed ogre
 12415 | D:8      | Killed a two-headed ogre
 12473 | D:9      | Reached **** piety under Okawaru
 12527 | D:9      | Reached XP level 12. HP: 71/94 MP: 17/17
 13236 | D:9      | Noticed a two-headed ogre
 13244 | D:9      | Killed a two-headed ogre
 13496 | D:9      | Got a distressingly furry leather armour
 13497 | D:9      | Identified the +1 leather armour "Putziw Lidoo" {Regen+} (You took it off an orc wizard on level 9 of the Dungeon)
 13529 | D:9      | Reached skill level 5 in Spellcasting
 13529 | D:9      | Reached XP level 13. HP: 100/100 MP: 17/21
 13568 | D:10     | Entered Level 10 of the Dungeon
 13706 | D:10     | Reached ***** piety under Okawaru
 13831 | D:10     | Found Biakeplu's Assorted Antiques.
 13838 | D:10     | Noticed Ryomija's ghost (novice MiBe)
 13876 | D:10     | Killed Ryomija's ghost
 14362 | D:10     | Bought a shiny helmet for 187 gold pieces
 14471 | D:11     | Got a shimmering brass ring
 14472 | D:11     | Identified the ring of Doubts {rElec rC++ AC+4 Str+3 Slay-5} (You found it on level 11 of the Dungeon)
 14531 | D:11     | Found a staircase to the Orcish Mines.
 15403 | D:11     | Found a staircase to the Lair.
 15525 | D:11     | Identified a scroll of acquirement
 15526 | D:11     | Got a smoking ivory ring
 15527 | D:11     | Identified the ring of Niuqehohogi {Dex+5 SInv} (You acquired it on level 11 of the Dungeon)
 15554 | D:11     | Learned a level 3 spell: Regeneration
 15557 | D:11     | Learned a level 2 spell: Blink
 15826 | D:12     | Received a gift from Okawaru
 15831 | D:12     | Got a heavily jewelled robe {god gift}
 15832 | D:12     | Identified the +0 robe of the Valley {rPois rC+ Slay+4} (Okawaru gifted it to you on level 12 of the Dungeon)
 15855 | D:12     | Reached skill level 15 in Transmutations
 16119 | D:12     | Noticed Gastronok
 16135 | D:12     | Killed Gastronok
 17433 | D:13     | Noticed Oravi's ghost (journeyman MfTm)
 17450 | D:13     | Killed Oravi's ghost
 17450 | D:13     | Reached XP level 14. HP: 106/106 MP: 21/25
 17578 | D:13     | Noticed Kirke
 17588 | D:13     | Killed Kirke
 17820 | D:13     | Found an opulent altar of Gozag.
 18421 | D:13     | Noticed Frances
 18432 | D:13     | Killed Frances
 18785 | Lair:1   | Entered Level 1 of the Lair of Beasts
 18856 | Lair:1   | Reached skill level 1 in Shields
 20349 | Lair:2   | Received a gift from Okawaru
 21754 | Lair:3   | Reached skill level 10 in Fighting
 22219 | Lair:4   | Reached skill level 1 in Polearms
 22293 | Lair:3   | Reached skill level 2 in Polearms
 22666 | Lair:4   | Got a sheer robe
 22667 | Lair:4   | Identified the +0 robe of Serendipity {rC+} (You found it on level 4 of the Lair of Beasts)
 22686 | Lair:4   | Reached skill level 3 in Polearms
 22701 | Lair:4   | Found a staircase to the Snake Pit.
 23092 | Lair:4   | Reached skill level 4 in Polearms
 23157 | Lair:4   | Found a staircase to the Shoals.
 23183 | Lair:4   | Reached skill level 5 in Polearms
 23257 | Lair:4   | Got a colourful robe
 23258 | Lair:4   | Identified the +1 robe of Forking Paths {rElec} (You found it on level 4 of the Lair of Beasts)
 23673 | Lair:5   | Reached skill level 6 in Polearms
 23829 | Lair:5   | Reached skill level 7 in Polearms
 23897 | Lair:5   | Reached XP level 15. HP: 115/115 MP: 15/27
 23900 | Lair:5   | Gained mutation: You are dopey. (Int -2) [mutagenic glow]
 23913 | Lair:5   | Found a staircase to the Slime Pits.
 23920 | Lair:5   | Gained mutation: Armour fits poorly on your strangely shaped body. [mutagenic glow]
 23939 | Lair:5   | Gained mutation: You occasionally shout uncontrollably at your foes. [mutagenic glow]
 23992 | Lair:5   | Received a gift from Okawaru
 23992 | Lair:5   | Reached skill level 8 in Polearms
 24735 | Lair:5   | Got a crude graven amulet
 24738 | Lair:5   | Identified the amulet of Ucoph {rC+ Regen+ Str+2} (You found it on level 5 of the Lair of Beasts)
 24899 | Lair:6   | Entered Level 6 of the Lair of Beasts
 24918 | Lair:6   | Reached skill level 9 in Polearms
 25182 | Lair:6   | Reached skill level 10 in Polearms
 25273 | Lair:6   | Noticed Rupert
 25496 | Lair:6   | Killed Rupert
 25497 | Lair:6   | Reached skill level 11 in Polearms
 25970 | Lair:6   | Reached ****** piety under Okawaru
 25981 | Lair:6   | Received a gift from Okawaru
 26697 | Lair:6   | Reached skill level 12 in Polearms
 26921 | Lair:6   | Reached skill level 13 in Polearms
 27449 | D:14     | Found a gate to the Vaults.
 27487 | D:14     | Received a gift from Okawaru
 27856 | D:14     | Found a portal to a secret trove of treasure.
 27913 | D:14     | Reached skill level 14 in Polearms
 28007 | D:14     | Reached XP level 16. HP: 122/122 MP: 22/28
 28299 | D:15     | Entered Level 15 of the Dungeon
 28356 | D:15     | Reached skill level 15 in Dodging
 28563 | D:15     | Received a gift from Okawaru
 28563 | D:15     | Reached skill level 15 in Polearms
 28675 | D:15     | Found a staircase to the Depths.
 29138 | D:15     | Reached skill level 16 in Polearms
 29677 | Orc:1    | Entered Level 1 of the Orcish Mines
 30045 | Orc:2    | Entered Level 2 of the Orcish Mines
 30140 | Orc:2    | Found a staircase to the Elven Halls.
 30152 | Orc:2    | Received a gift from Okawaru
 30184 | Orc:2    | Noticed Erolcha
 30189 | Orc:2    | Killed Erolcha
 30702 | Orc:2    | Found Myturat's Distillery.
 30703 | Orc:2    | Found Huokujug's General Store.
 30707 | Orc:2    | Gained mutation: You are weak. (Str -2) [a neqoxec]
 30823 | Orc:2    | Bought a potion of heal wounds for 60 gold pieces
 30823 | Orc:2    | Bought a potion of curing for 36 gold pieces
 30823 | Orc:2    | Bought a potion of curing for 36 gold pieces
 31133 | Orc:2    | Reached skill level 17 in Polearms
 31138 | Orc:2    | Gained mutation: Scrolls take you a little longer to read. [a neqoxec]
 31178 | Orc:2    | Paralysed by an orc sorcerer for 2 turns
 31375 | Orc:2    | Paralysed by an orc sorcerer for 5 turns
 31460 | Orc:2    | Paralysed by an orc sorcerer for 6 turns
 31581 | Orc:2    | Found Cuzig's Gadget Emporium.
 31581 | Orc:2    | Found a one-way gate leading to the halls of Pandemonium.
 31581 | Orc:2    | Found Loc Simp's Antique Weapon Shoppe.
 31967 | Shoals:1 | Entered Level 1 of the Shoals
 32027 | Shoals:1 | Reached skill level 18 in Polearms
 32283 | Shoals:1 | Received a gift from Okawaru
 32284 | Shoals:1 | Got a pitted helmet {god gift}
 32287 | Shoals:1 | Identified the -4 helmet of Notric {Str+7 Int-5} (Okawaru gifted it to you on level 1 of the Shoals)
 32829 | Shoals:2 | Noticed Polyphemus
 32840 | Shoals:2 | Reached XP level 17. HP: 128/128 MP: 26/29
 32906 | Shoals:2 | Killed Polyphemus
 33029 | Shoals:2 | Got a pair of jewelled boots
 33032 | Shoals:2 | Identified the +1 pair of boots of Inquiry {rC+ SInv Stlth+} (You found it on level 2 of the Shoals)
 33376 | D:11     | Lost mutation: Scrolls take you a little longer to read. [potion of mutation]
 33376 | D:11     | Lost mutation: You are dopey. (Int -2) [potion of mutation]
 33376 | D:11     | Lost mutation: Armour fits poorly on your strangely shaped body. [potion of mutation]
 33376 | D:11     | Lost mutation: You occasionally shout uncontrollably at your foes. [potion of mutation]
 33376 | D:11     | Gained mutation: You expend magic power (3 MP) to strengthen your wands. [potion of mutation]
 33376 | D:11     | Gained mutation: Armour fits poorly on your strangely shaped body. [potion of mutation]
 33376 | D:11     | Gained mutation: You are resistant to electric shocks. (rElec) [potion of mutation]
 33377 | D:11     | Lost mutation: Armour fits poorly on your strangely shaped body. [potion of mutation]
 33377 | D:11     | Lost mutation: You expend magic power (3 MP) to strengthen your wands. [potion of mutation]
 33377 | D:11     | Lost mutation: You are weak. (Str -2) [potion of mutation]
 33377 | D:11     | Gained mutation: Your system is resistant to poisons. (rPois) [potion of mutation]
 33377 | D:11     | Gained mutation: Your muscles are strong. (Str +2) [potion of mutation]
 34189 | Shoals:3 | Noticed Bai Suzhen
 34309 | Shoals:3 | Killed Bai Suzhen
 34365 | Shoals:3 | Found Xuirexin's Armour Emporium.
 34384 | Shoals:3 | Noticed Mara
 34387 | Shoals:3 | Noticed Oravi's illusion
 34521 | Shoals:3 | Noticed Louise
 34531 | Shoals:3 | Cast into level 3 of the Abyss (Louise)
 34534 | Abyss:3  | Found a corrupted altar of Lugonu.
 34560 | Shoals:3 | Escaped the Abyss
 34566 | Shoals:3 | Killed Louise
 34818 | Shoals:3 | Noticed Oravi's illusion
 34868 | Shoals:3 | Slain by Mara

Skill      XL: |  1  2  3  4  5  6  7  8  9 10 11 12 13 14 15 16 17 |
---------------+----------------------------------------------------+-----
Transmutations | 3 4 5 10 12 14 15 16 | 16.0
Unarmed Combat | 4 5 6 11 | 11.8
Dodging        | 3 4 5 10 12 14 16 | 16.7
Fighting       | 2 3 4 8 10 | 10.0
Spellcasting   | 3 5 7 8 9 |  9.0
Earth Magic    | 2 5 7 8 9 |  9.8
Shields        | 4 |  4.4
Polearms       | 7 14 18 | 18.6

Action                   |  1- 3 |  4- 6 |  7- 9 | 10-12 | 13-15 | 16-18 || total
-------------------------+-------+-------+-------+-------+-------+-------++-------
Melee: Unarmed           |   131 |   161 |   261 |   641 |   980 |    14 ||  2188
       Headbutt          |     4 |       |       |       |       |       ||     4
       Punch             |     1 |       |     4 |     1 |    51 |    10 ||    67
       Staff             |       |       |       |       |    15 |       ||    15
       Demon trident     |       |       |       |       |   228 |   106 ||   334
       Trident           |       |       |       |       |   125 |    81 ||   206
       Glaive            |       |       |       |       |       |   798 ||   798
 Cast: Beastly Appendage |    10 |       |       |       |       |       ||    10
       Spider Form       |     9 |    24 |    45 |    60 |    68 |       ||   206
       Sticks to Snakes  |       |       |     6 |     4 |    64 |    22 ||    96
       Blade Hands       |       |       |       |     6 |    15 |       ||    21
       Statue Form       |       |       |       |       |    40 |    47 ||    87
Invok: Heroism           |       |       |       |     3 |    35 |    31 ||    69
       Finesse           |       |       |       |       |       |     1 ||     1
 Abil: End Transformatio |       |       |       |     1 |     5 |       ||     6
Evoke: Wand              |       |       |       |    10 |     5 |     4 ||    19
       Phial of floods   |       |       |       |     1 |       |       ||     1
  Use: Scroll            |       |    10 |     9 |     3 |    25 |     4 ||    51
       Potion            |       |       |     3 |     2 |     3 |     8 ||    16
 Stab: Sleeping          |     2 |     1 |     1 |       |     2 |       ||     6
       Distracted        |       |       |       |     1 |     6 |     5 ||    12
       Petrified         |       |       |       |       |     5 |     1 ||     6
       Invisible         |       |       |       |       |       |     3 ||     3
  Eat: Chunk             |     3 |    10 |    18 |    26 |    59 |    36 ||   152
       Ration            |       |       |       |     1 |     4 |     3 ||     8
Armor: Robe              |    32 |     4 |     2 |     4 |    17 |    23 ||    82
       Skin              |       |     7 |     2 |     8 |   299 |   332 ||   648
Dodge: Dodged            |   104 |   177 |   222 |   815 |  1591 |  1334 ||  4243
